 Dungeon Crawl Stone Soup version 0.30-a0-632-g346586fe48 (webtiles) character file.

Game seed: 4860947075438025020

9261 bmack86 the Cleaver (level 11, -12/97 HPs)
             Began as a Minotaur Fighter on Jan 13, 2023.
             Was a Priest of Okawaru.
             Killed from afar by a deep elf zephyrmancer (20 damage)
             ... with a bolt of lightning
             ... on level 10 of the Dungeon.
             The game lasted 00:30:51 (10298 turns).

bmack86 the Cleaver (Minotaur Fighter)             Turns: 10298, Time: 00:30:52

Health: -12/97     AC: 18    Str: 26    XL:     11   Next: 20%
Magic:  13/13      EV:  8    Int:  5    God:    Okawaru [***...]
Gold:   1247       SH: 11    Dex:  9    Spells: 10/10 levels left

rFire   + . .      SeeInvis .    a - +0 war axe
rCold   . . .      Faith    .    c - +0 buckler
rNeg    + . .      Spirit   .    f - +0 chain mail
rPois   .          Reflect  +    h - +2 hat
rElec   .          Harm     .    e - +1 cloak of Rawy {rF+}
rCorr   .          Rampage  .    d - +1 Delatra's gloves {ID++}
Will    +....                    (no boots) Stlth
                                 m - amulet of reflection
HPRegen 0.36/turn                x - ring of willpower
MPRegen 0.13/turn                r - ring of positive energy

@: no status effects
A: horns 2, retaliatory headbutt
a: Renounce Religion, Heroism


You were on level 10 of the Dungeon.
You worshipped Okawaru.
Okawaru was most pleased with you.
You visited 2 branches of the dungeon, and saw 11 of its levels.
You also visited: Bailey.

You collected 1322 gold pieces.
You spent 75 gold pieces at shops.

Inventory:

Hand Weapons
 a - a +0 war axe (weapon)
 o - a +3 battleaxe of freezing
Missiles
 g - 24 poisoned darts (quivered)
 D - a boomerang
 I - a throwing net
Armour
 c - a +0 buckler (worn)
 d - the +1 Delatra's gloves (worn) {ID++}
   (You found it on level 4 of the Dungeon)

   ID++:      It heals its wearer when they drink unknown potions, and restores
   their MP when they read unknown scrolls.
 e - the +1 cloak of Rawy (worn) {rF+}
   (You acquired it on level 4 of the Dungeon)

   rF:        It protects you from fire.
 f - a +0 chain mail (worn)
 h - a +2 hat (worn)
Jewellery
 m - an amulet of reflection (around neck)
 q - a ring of wizardry
 r - a ring of positive energy (right hand)
 x - a ring of willpower (left hand)
Wands
 C - a wand of roots (4)
 E - a wand of flame (14)
 J - a wand of mindburst (3)
 O - a wand of polymorph (5)
Scrolls
 i - a scroll of amnesia
 j - 2 scrolls of enchant weapon
 n - a scroll of blinking
 s - a scroll of vulnerability {unknown}
 v - 5 scrolls of teleportation
 y - a scroll of brand weapon {unknown}
 A - a scroll of fear
 F - 2 scrolls of butterflies {unknown}
 G - a scroll of enchant armour {unknown}
 L - a scroll of fog {unknown}
 P - 3 scrolls of magic mapping
Potions
 b - 7 potions of heal wounds
 k - 4 potions of lignification
 l - 2 potions of curing
 p - 2 potions of attraction {unknown}
 t - 3 potions of degeneration {unknown}
 u - 4 potions of cancellation {unknown}
 w - a potion of magic {unknown}
 z - 2 potions of brilliance {unknown}
 B - a potion of flight {unknown}
 H - 2 potions of resistance {unknown}
 K - a potion of haste {unknown}
 M - 2 potions of invisibility
 N - a potion of might


   Skills:
 + Level 9.1 Fighting
 * Level 12.0 Axes
 + Level 6.8 Throwing
 + Level 9.1 Armour
 + Level 9.2 Shields
 + Level 4.1 Invocations


You had 10 spell levels left.
You didn't know any spells.
Your spell library contained the following spells:

 Spells                   Type           Power      Damage    Failure   Level
 Magic Dart               Conj           0%         1d3       97%         1
 Blink                    Tloc           0%         N/A       99%         2
 Gell's Gravitas          Tloc           0%         N/A       100%        3
 Lesser Beckoning         Tloc           0%         N/A       100%        3
 Mephitic Cloud           Conj/Pois/Air  0%         N/A       100%        3
 Teleport Other           Tloc           0%         N/A       100%        3
 Manifold Assault         Tloc           0%         N/A       100%        4
 Dispersal                Tloc           0%         N/A       100%        6
 Storm Form               Tmut/Air       0%         N/A       100%        7
 Disjunction              Tloc           0%         N/A       100%        8
 Call Imp                 Summ           Unusable   N/A       N/A         2

Dungeon Overview and Level Annotations

Branches:
Dungeon (10/15)            Temple (1/1) D:6             Orc (0/2) D:10
 Bailey (visited)
   Lair: D:8-11

Altars:
Ashenzari
Cheibriados
Dithmenos
Elyvilon
Fedhas
Gozag
Hepliaklqana
Kikubaaqudgha
Makhleb
Nemelex Xobeh
Okawaru
Qazlal
Ru
Sif Muna
Trog
Uskayaw
Vehumet
Wu Jian
Xom
Yredelemnul
Zin
The Shining One

Shops:
D:1 *   D:3 !   D:7 *


Innate Abilities, Weirdness & Mutations

You have a pair of horns on your head.
You reflexively headbutt those who attack you in melee.


Message History

The troll closely misses you.
You hit the deep elf zephyrmancer but do no damage.
Your headbutt misses the deep elf zephyrmancer.
The deep elf zephyrmancer is moderately wounded.
You hit the necrophage but do no damage.
You barely miss the troll. You block the necrophage's attack.
The deep elf zephyrmancer hits you but does no damage.
The troll bites you but does no damage. The troll claws you but does no damage.
You block the troll's attack.
You hit the deep elf zephyrmancer but do no damage.
The deep elf zephyrmancer is moderately wounded.
You closely miss the necrophage. You closely miss the troll.
The necrophage hits you but does no damage.
The deep elf zephyrmancer gestures at you while chanting.
The bolt of lightning hits you!
* * * LOW HITPOINT WARNING * * *
The troll closely misses you. The troll claws you but does no damage.
You block the troll's attack.
You slash the deep elf zephyrmancer!
Your headbutt misses the deep elf zephyrmancer.
The deep elf zephyrmancer is moderately wounded.
You barely miss the necrophage. You hit the troll but do no damage.
You block the necrophage's attack.
The deep elf zephyrmancer hits you but does no damage.
The troll bites you but does no damage. The troll claws you.
* * * LOW HITPOINT WARNING * * *
You block the troll's attack.
You barely miss the deep elf zephyrmancer.
The deep elf zephyrmancer is moderately wounded.
You hit the necrophage. You hit the troll but do no damage.
You block the necrophage's attack.
The deep elf zephyrmancer hits you but does no damage.
You block the troll's attack.
The troll claws you but does no damage. x2
You hit the deep elf zephyrmancer but do no damage.
The deep elf zephyrmancer is moderately wounded.
You slash the necrophage! You slash the troll!
The necrophage hits you but does no damage.
The deep elf zephyrmancer casts a spell at you.
The bolt of lightning hits you!!
You die...

#......#...... ### ..
#...........#.##. ##.#
#..#..).......##.... #.[.
#..#..........# #...##...
#(....$.......# #......>.
#.............# #..#..>..
#.......e.....###.##.....
.......n@.....##.........
....>..T.................
..##.###/.....#..........
.............##.........
.###.##......###........
# ##.......#.....†..
######.#......<.) ## ## #
##.##.#......... #.# ...
#..##......#....


You could see a deep elf zephyrmancer, a troll and a necrophage.

Vanquished Creatures
  Erica (D:8)
  2 two-headed ogres
  Joseph (D:10)
  Maurice (D:8)
  Maggie (D:8)
  A hornet (D:9)
  A spriggan (Bailey)
  4 yaks (D:8)
  3 wyverns
  Grum (D:8)
  A steam dragon (Bailey)
  4 vampire mosquitoes (D:10)
  An acid dragon (D:9)
  3 water moccasins
  An ice beast (D:7)
  2 orc warriors
  2 sky beasts (D:7)
  7 ogres
  2 wolves (D:8)
  3 centaurs
  A kobold brigand (D:7)
  2 bullfrogs
  2 scorpions
  11 wights
  17 killer bees
  A howler monkey (D:6)
  A jelly (D:7)
  2 centaur zombies (D:4)
  A human zombie (D:4)
  4 hounds
  3 iguanas (D:7)
  6 orc priests
  A gnoll bouda (D:7)
  5 orc wizards
  A scorpion zombie (D:4)
  A hound zombie (D:4)
  A mummy (D:4)
  5 gnolls (D:7)
  3 adders
  A white imp (D:7)
  2 ufetubi (D:6)
  2 adder zombies (D:4)
  3 worms (D:2)
  A dart slug (D:3)
  49 orcs
  7 ball pythons
  2 bats
  An endoplasm (D:2)
  7 goblins
  6 hobgoblins
  3 jackals (D:3)
  12 kobolds
  2 quokkas
  A frilled lizard (D:3)
  10 rats
219 creatures vanquished.

Notes
Turn   | Place    | Note
-------+----------+-------------------------------------------
     0 | D:1      | bmack86 the Minotaur Fighter began the quest for the Orb.
     0 | D:1      | Reached XP level 1. HP: 19/19 MP: 0/0
   198 | D:1      | Reached XP level 2. HP: 27/27 MP: 1/1
   360 | D:1      | Reached skill level 3 in Axes
   538 | D:1      | Found Buxyedwe's General Store.
   767 | D:2      | Reached XP level 3. HP: 30/33 MP: 2/2
  1546 | D:2      | Reached XP level 4. HP: 34/40 MP: 3/3
  1559 | D:3      | Reached skill level 1 in Throwing
  1714 | D:3      | Found Seituox's Distillery.
  1838 | D:3      | Reached skill level 4 in Axes
  2053 | D:3      | Found a white marble altar of Elyvilon.
  2349 | D:1      | Bought a scroll of enchant weapon for 75 gold pieces
  2398 | D:4      | Identified a scroll of acquirement
  2398 | D:4      | Acquired the +1 cloak of Rawy {rF+}
  2463 | D:4      | Noticed a scorpion
  2476 | D:4      | Killed a scorpion
  2477 | D:4      | Reached XP level 5. HP: 47/47 MP: 4/4
  2763 | D:4      | Found an ancient bone altar of Kikubaaqudgha.
  2776 | D:4      | Reached skill level 5 in Axes
  2776 | D:4      | Reached XP level 6. HP: 46/53 MP: 5/5
  2871 | D:4      | Reached skill level 5 in Fighting
  2876 | D:4      | Reached skill level 5 in Shields
  2980 | D:4      | Reached skill level 5 in Armour
  3039 | D:4      | Reached XP level 7. HP: 55/59 MP: 6/6
  3545 | D:4      | Reached skill level 6 in Axes
  3569 | D:4      | Found the +1 Delatra's gloves {ID++}
  3892 | D:5      | Entered Level 5 of the Dungeon
  4336 | D:5      | Reached XP level 8. HP: 57/70 MP: 7/7
  4427 | D:5      | Reached skill level 7 in Axes
  5015 | D:6      | Found a staircase to the Ecumenical Temple.
  5036 | Temple   | Entered the Ecumenical Temple
  5562 | D:7      | Found Acuer's General Store.
  5570 | D:6      | Reached skill level 8 in Axes
  5663 | D:7      | Reached XP level 9. HP: 45/78 MP: 8/8
  5910 | D:7      | Reached skill level 9 in Axes
  5939 | D:7      | Acquired 836 gold pieces
  6168 | D:7      | Found a burning altar of Makhleb.
  6171 | D:7      | Found a hide-covered altar of Uskayaw.
  6173 | D:7      | Found an ornate altar of the Wu Jian Council.
  6183 | D:7      | Found an iron altar of Okawaru.
  6191 | D:7      | Became a worshipper of Warmaster Okawaru
  6200 | D:7      | Found a blossoming altar of Fedhas.
  6235 | D:7      | Reached skill level 5 in Throwing
  6543 | D:7      | Identified the +0 robe of Greed {Will++}
  6718 | D:8      | Noticed Grum
  6723 | D:8      | Noticed Maggie
  6749 | D:8      | Killed Maggie
  6749 | D:8      | Reached * piety under Okawaru
  6750 | D:8      | Reached skill level 10 in Axes
  6750 | D:8      | Reached skill level 1 in Invocations
  6772 | D:8      | Killed Grum
  7120 | D:8      | Reached XP level 10. HP: 85/88 MP: 10/10
  7197 | D:8      | Reached ** piety under Okawaru
  7381 | D:8      | Noticed a two-headed ogre
  7387 | D:8      | Killed a two-headed ogre
  7394 | D:8      | Noticed Maurice
  7406 | D:8      | Killed Maurice
  7615 | D:8      | Noticed Erica
  7628 | D:8      | Killed Erica
  7629 | D:8      | Reached skill level 11 in Axes
  8138 | D:8      | Reached *** piety under Okawaru
  8143 | D:8      | HP: 3/90 [poisoned by a killer bee]
  8713 | D:9      | Found a flagged portal.
  8733 | Bailey   | Entered a bailey
  8884 | Bailey   | Noticed a two-headed ogre
  8912 | Bailey   | Killed a two-headed ogre
  9097 | Bailey   | Reached XP level 11. HP: 89/95 MP: 12/12
  9795 | D:10     | Entered Level 10 of the Dungeon
  9795 | D:10     | Noticed Joseph
  9816 | D:10     | Killed Joseph
  9816 | D:10     | Reached **** piety under Okawaru
 10015 | D:10     | Received a gift from Okawaru
 10023 | D:10     | Reached skill level 12 in Axes
 10032 | D:10     | Found a staircase to the Orcish Mines.
 10278 | D:10     | Noticed a deep elf zephyrmancer
 10298 | D:10     | Killed from afar by a deep elf zephyrmancer

Illustrated notes

Levels and vault maps discovered:
D:1:      wander_arrival_desolate, layout_basic, serial_shops, shop
D:2:      layout_basic, st_stairs_1, roderic_lattice_a
D:3:      layout_loops_ring, mainiacjoe_overflow_catwalk, serial_shops,
          nicolae_shop_hallway_stairs
D:4:      layout_basic, lemuel_mausoleum_altar_kikubaaqudgha,
          pf_guarded_unrand_delatra
D:5:      layout_loops_cross
D:6:      layout_loops_ring, minmay_temple_entry_tees
D:7:      layout_gridville, minmay_overflow_temple_star_hex, serial_shops,
          nicolae_stop_n_shop_1, minmay_misc_feat_plants
D:8:      layout_layer_cave, uniq_maggie, uniq_maurice, uniq_erica, uniq_grum
D:9:      layout_basic, enter_bailey_1
D:10:     layout_cave_pools, dpeg_oklobed_lair, erik_orc_3,
          hangedman_stone_soup, uniq_joseph
Temple:   hellmonk_temple_of_storms

Skill      XL: |  1  2  3  4  5  6  7  8  9 10 11 |
---------------+----------------------------------+-----
Axes           | 3 4 5 6 8 10 11 12 | 12.0
Shields        | 4 5 6 7 9 |  9.2
Fighting       | 4 5 6 7 8 9 |  9.1
Armour         | 4 5 6 7 8 9 |  9.1
Throwing       | 1 2 3 4 5 6 |  6.8
Invocations    | 1 3 4 |  4.1

Action                   |  1- 3 |  4- 6 |  7- 9 | 10-12 || total
-------------------------+-------+-------+-------+-------++-------
Melee: War axe           |    63 |   138 |   308 |   185 ||   694
       Headbutt          |    11 |    21 |    54 |    31 ||   117
Throw: Dart              |       |       |    17 |    10 ||    27
Invok: Heroism           |       |       |       |     5 ||     5
  Use: Scroll            |       |     4 |    10 |     1 ||    15
       Potion            |       |       |     2 |     2 ||     4
Armor: Chain mail        |    39 |    80 |   178 |   114 ||   411
Dodge: Dodged            |    29 |    49 |    98 |    74 ||   250
Block: Buckler           |    15 |    77 |   176 |   135 ||   403
       Reflection        |       |       |     4 |     2 ||     6

Table legend: (Time is in decaauts)
 A = Elapsed time spent in this place.
 B = Non-inter-level travel time spent in this place.
 C = Inter-level travel time spent in this place.
 D = Time resting spent in this place.
 E = Time spent auto-exploring this place.
 F = Levels seen in this place.
 G = Mean time per level.
                   A        B        C        D        E       F      G
               +--------+--------+--------+--------+--------+-----+--------+
         Total |  10399 |  10011 |    388 |   1430 |   5687 |  12 |  866.6 |
       Dungeon |   9831 |   9443 |    388 |   1165 |   5656 |  10 |  983.1 |
        Temple |    128 |    128 |      0 |     66 |      0 |   1 |  128.0 |
        Bailey |    440 |    440 |      0 |    199 |     31 |   1 |  440.0 |
               +--------+--------+--------+--------+--------+-----+--------+

Top non-repeatable levels by time:
     D:8: 1794 daAuts
     D:4: 1540 daAuts
     D:2: 1007 daAuts
     D:5: 928 daAuts
     D:9: 922 daAuts
     D:7: 884 daAuts
     D:6: 832 daAuts
     D:1: 731 daAuts
     D:3: 696 daAuts
    D:10: 493 daAuts
  Bailey: 440 daAuts
  Temple: 128 daAuts
